Map: Battle on the Boardwalk LE

Players

Erfeyah

  • Race: Protoss Protoss
  • Spawn Location: 11:00

ShioVega - Winner!

  • Race: Zerg Zerg
  • Spawn Location: 1:00

VOD

Have the link to the VOD?

Description

Time

  • Played on: Nov. 19, 2017, 4:28 p.m.
  • Length: 4:04
Show
View Real Time Build Order
Export as new Build Order

Erfeyah Protoss 

Build Orders:  

Get SALT Encoding   

  12  0:21  Pylon  
  12  0:30  Probe  
  13  0:39  Assimilator  
  13  0:53  Gateway  
  13  0:56  Gateway  
  13  1:32  Probe  
  14  1:50  Cybernetics Core  
  14  2:00  Probe  
  15  2:12  Probe  
  16  2:21  Gateway  
  15  2:24  Probe  
  6  2:56  Probe  
  7  3:02  Stalker  
  7  3:03  Stalker  
  11  3:08  Probe  
  12  3:20  Probe  
  13  3:32  Stalker  
Show
View Real Time Build Order
Export as new Build Order

ShioVega Zerg - Winner!

Build Orders: Pool First 

Get SALT Encoding   

  12  0:14  Overlord  
  12  0:15  Drone  
  12  0:17  Drone  
  14  0:38  Spawning Pool  
  13  0:43  Drone x2  
  15  0:53  Drone  
  16  1:13  Hatchery  
  15  1:25  Zergling x6  
  18  1:32  Queen  
  20  1:50  Drone x2  
  22  2:05  Extractor  
  21  2:34  Zergling x8  
  22  2:48  Zergling x2  
  22  2:49  Zergling x4  
  25  2:59  Queen  
  25  3:05  Zergling x2  
  28  3:16  Overlord x3  
Tags
 
Add a new tag
Caveats
  • Supply blocks, unpowered buildings, or Contaminate may cause inaccurate times.
  • Supply counts are checked every 10 seconds.